 Dungeon Crawl Stone Soup version 0.22.0-49-gab54619 (webtiles) character file.

2399 Lavandula the Cleaver (level 9, -1/62 HPs)
             Began as a Centaur Berserker on Sept 6, 2018.
             Was an Elder of Trog.
             Slain by an unseen horror (9 damage)
             ... on level 7 of the Dungeon.
             The game lasted 00:18:23 (2832 turns).

Lavandula the Cleaver (Centaur Berserker)           Turns: 2832, Time: 00:18:23

Health: -1/62      AC:  9    Str: 23    XL:     9   Next: 23%
Magic:  0/9        EV:  9    Int:  6    God:    Trog [****..]
Gold:   340        SH:  0    Dex:  9    Spells: 8/8 levels left

rFire    . . .     SeeInvis .   F - +0 war axe
rCold    . . .     Gourm    .   (no shield)
rNeg     . . .     Faith    .   r - +3 ring mail
rPois    +         Spirit   +   (no helmet)
rElec    .         Reflect  .   (no cloak)
rCorr    .         Harm     .   l - +0 pair of gloves
MR       +....     Clarity  +   (no barding)
Stlth    ..........             v - amulet of guardian spirit
HPRegen  0.20/turn              u - ring of protection from magic
MPRegen  0.11/turn              H - ring of poison resistance

@: very slightly contaminated, invisible, very quick
A: large, hooves 3, clarity, deformed body, speed 2, frail 1, screaming 1, tough
skin 3
a: Berserk, Trog's Hand, Brothers in Arms, Renounce Religion


You were on level 7 of the Dungeon.
You worshipped Trog.
Trog was greatly pleased with you.
You were not hungry.

You visited 1 branch of the dungeon, and saw 7 of its levels.

You collected 340 gold pieces.

Inventory:

Hand Weapons
 a - a +0 hand axe
 h - a +0 hunting sling
 j - a +3 whip of electrocution
 o - a +3 fustibalus of flaming
 x - a +0 trident
 F - a +0 war axe (weapon)
 K - a +0 battleaxe
Missiles
 i - 16 sling bullets
 w - 11 needles of confusion
 C - a throwing net
 N - 3 tomahawks (quivered)
Armour
 b - a +0 animal skin
 l - a +0 pair of gloves (worn)
 r - a +3 ring mail (worn)
 G - a +2 ring mail of cold resistance
 L - a +2 plate armour of poison resistance
Magical Staves
 J - an uncursed staff of death {unknown}
Jewellery
 s - an uncursed amulet of harm
 u - a ring of protection from magic (left hand)
 v - an amulet of guardian spirit (around neck)
 H - a ring of poison resistance (right hand)
Wands
 q - a wand of enslavement (5)
 y - a wand of flame (48)
Scrolls
 e - 2 scrolls of immolation
 f - 2 scrolls of remove curse
 k - a scroll of teleportation {unknown}
 m - a scroll of fear {unknown}
 n - a scroll of amnesia {unknown}
 t - 4 scrolls of enchant armour {unknown}
 A - a scroll of random uselessness {unknown}
 E - 3 scrolls of blinking {unknown}
Potions
 d - 2 potions of curing
 g - a potion of flight
 p - 2 potions of mutation
 z - 2 potions of invisibility
 D - a potion of haste
 M - a potion of might
 O - a potion of heal wounds {unknown}
Comestibles
 c - 9 rations
 I - 4 chunks of flesh


   Skills:
 - Level 3.0 Fighting
 + Level 11.4 Axes
 - Level 2.0 Throwing
 - Level 1.3 Armour
 - Level 1.3 Dodging


You had 8 spell levels left.
You didn't know any spells.
Your spell library was empty.

Dungeon Overview and Level Annotations

Branches:
Dungeon (7/15)             Temple (0/1) D:6

Altars:
Ashenzari
Dithmenos
Fedhas
Kikubaaqudgha
Okawaru
Ru

Annotations:
D:2 Robin


Innate Abilities, Weirdness & Mutations

You have hooves in place of feet.
Armour fits poorly on your strangely shaped body.
You cover ground very quickly.
You have extremely tough skin. (AC +3)
You possess an exceptional clarity of mind.
You are frail. (-10% HP)
You occasionally shout uncontrollably at your foes.


Message History

Press: ? - help, Shift-Dir - straight line Nothing appears to happen.
Something hits you but does no damage.
You swing at nothing.
Something hits you!
* * * LOW HITPOINT WARNING * * *
You barely miss something. Something hits you.
* * * LOW HITPOINT WARNING * * *
You feel better. Something hits you.
* * * LOW HITPOINT WARNING * * *
Something hits you but does no damage.
You barely miss something. Something hits you.
* * * LOW HITPOINT WARNING * * *
Okay, then.
You fade into invisibility!
Something hits you.
* * * LOW HITPOINT WARNING * * *
You are very lightly contaminated with residual magic.
Unknown command.
Something hits you but does no damage.
You hit something. Your kick misses something. Something hits you!
You die...

......... # .........
##.##........
#............ ###.###
##.....## #.!†....##
###########†.....####
#.#(@.#...####....#..
#..{#.#...#.⌠###.†#..
##...[..(............
#..(.##...#..###..#..
#(#†(.#.._####....#..
###†#######.l....####
##.))).## al...###..
#...)...# ....# #..#
#..#.#.#..# #.##
#..##


There were no monsters in sight!

Vanquished Creatures
  A slime creature (D:7)
  Duvessa (D:6)
  3 orc warriors
  An ogre (D:6)
  A phantom (D:7)
  A sky beast (D:7)
  2 centaurs
  A big kobold (D:7)
  4 bullfrogs
  Dowan (D:6)
  A water moccasin skeleton (D:4)
  7 hounds
  2 orc priests (D:4)
  9 orc wizards
  2 bullfrog skeletons
  Jessica (D:3)
  2 centaur skeletons (D:7)
  An iguana (D:7)
  Ijyb (D:3)
  Terence (D:3)
  3 worker ants
  A killer bee zombie (D:7)
  2 hound skeletons
  A gnoll (D:1)
  5 adders
  An ooze (D:3)
  An adder skeleton (D:7)
  2 worms
  3 leopard geckos
  14 orcs
  2 giant cockroaches
  6 goblins
  3 hobgoblins
  6 jackals
  A quokka (D:2)
  4 bats
  7 frilled lizards
  A giant cockroach zombie (D:5)
  5 kobolds
  7 rats
  2 fungi (D:5)
120 creatures vanquished.

Notes
Turn   | Place    | Note
-------+----------+-------------------------------------------
     0 | D:1      | Lavandula the Centaur Berserker began the quest for the
                  | Orb.
     0 | D:1      | Reached XP level 1. HP: 19/19 MP: 1/1
    96 | D:2      | Reached skill level 3 in Axes
    98 | D:2      | Reached XP level 2. HP: 26/26 MP: 2/2
   130 | D:2      | Noticed Robin
   476 | D:2      | Reached XP level 3. HP: 21/31 MP: 3/3
   534 | D:1      | Reached skill level 4 in Axes
   690 | D:1      | Reached ** piety under Trog
   717 | D:2      | Found an iron altar of Okawaru.
   909 | D:3      | Noticed Ijyb
   932 | D:3      | Killed Ijyb
   932 | D:3      | Reached XP level 4. HP: 38/38 MP: 4/4
  1016 | D:4      | Found a blossoming altar of Fedhas.
  1043 | D:3      | Noticed Terence
  1052 | D:3      | Killed Terence
  1052 | D:3      | Reached skill level 5 in Axes
  1117 | D:3      | Noticed Jessica
  1123 | D:3      | Killed Jessica
  1123 | D:3      | Reached XP level 5. HP: 45/45 MP: 5/5
  1239 | D:4      | Found a shadowy altar of Dithmenos.
  1377 | D:5      | Entered Level 5 of the Dungeon
  1504 | D:4      | Reached skill level 6 in Axes
  1504 | D:4      | Reached XP level 6. HP: 40/51 MP: 6/6
  1695 | D:5      | Reached skill level 1 in Throwing
  1706 | D:5      | Found an ancient bone altar of Kikubaaqudgha.
  1711 | D:5      | Found a shattered altar of Ashenzari.
  1915 | D:6      | Noticed an orc warrior
  1923 | D:6      | Reached skill level 7 in Axes
  1923 | D:6      | Reached XP level 7. HP: 47/57 MP: 4/7
  1928 | D:6      | Reached *** piety under Trog
  2002 | D:6      | Reached skill level 8 in Axes
  2285 | D:6      | Noticed Dowan
  2286 | D:6      | Noticed Duvessa
  2295 | D:6      | Killed Duvessa
  2295 | D:6      | Reached skill level 9 in Axes
  2295 | D:6      | Reached XP level 8. HP: 63/63 MP: 6/8
  2297 | D:6      | Killed Dowan
  2492 | D:6      | Found a staircase to the Ecumenical Temple.
  2600 | D:7      | Reached skill level 10 in Axes
  2718 | D:7      | Gained mutation: You occasionally shout uncontrollably at
                  | your foes. [potion of mutation]
  2718 | D:7      | Gained mutation: You are frail. (-10% HP) [potion of
                  | mutation]
  2718 | D:7      | Gained mutation: You possess an exceptional clarity of
                  | mind. [potion of mutation]
  2735 | D:7      | Found a sacrificial altar of Ru.
  2754 | D:7      | Noticed a slime creature
  2770 | D:7      | Killed a slime creature
  2770 | D:7      | Reached XP level 9. HP: 62/62 MP: 7/9
  2771 | D:7      | Reached skill level 11 in Axes
  2773 | D:7      | Reached **** piety under Trog
  2832 | D:7      | Slain by an unseen horror

Skill      XL: |  1  2  3  4  5  6  7  8  9 |
---------------+----------------------------+-----
Axes           | 3 4 5 6 7 9 10 11 | 11.4
Throwing       | 2 |  2.0
Fighting       | |  3.0
Armour         | |  1.3
Dodging        | |  1.3

Action                   |  1- 3 |  4- 6 |  7- 9 || total
-------------------------+-------+-------+-------++-------
Melee: Hand axe          |    66 |    46 |    16 ||   128
       Kick              |    14 |    19 |    34 ||    67
       Whip              |    19 |    38 |       ||    57
       War axe           |       |       |   126 ||   126
 Fire: Hunting sling     |     7 |     8 |       ||    15
Throw: Tomahawk          |       |       |     1 ||     1
Invok: Berserk           |     4 |     4 |     6 ||    14
       Trog's Hand       |     1 |       |     1 ||     2
Evoke: Wand              |       |       |     1 ||     1
  Use: Scroll            |       |       |     9 ||     9
       Potion            |       |       |     5 ||     5
  Eat: Chunk             |     2 |     6 |     7 ||    15
       Ration            |       |       |     1 ||     1
Armor: Animal skin       |    40 |       |       ||    40
       Ring mail         |       |    35 |    64 ||    99
       Skin              |       |       |    15 ||    15
Dodge: Dodged            |    47 |    30 |    56 ||   133
